 Dungeon Crawl Stone Soup version 0.30-a0-760-g5a9884bb7c (webtiles) character file.

Game seed: 4162003047139385820

105 themarg the Stinger (level 4, 0/27 HPs)
             Began as an Octopode Venom Mage on Feb 10, 2023.
             Slain by an orc
             ... wielding a +3 flail
              (5 damage)
             ... on level 3 of the Dungeon.
             The game lasted 00:04:53 (2178 turns).

themarg the Stinger (Octopode Venom Mage)           Turns: 2178, Time: 00:04:53

Health: 0/27       AC:  1    Str:  7    XL:     4   Next: 83%
Magic:  3/8        EV: 13    Int: 19    God:
Gold:   133        SH:  0    Dex: 12    Spells: 5/8 levels left

rFire   . . .      SeeInvis .    n - +0 dagger
rCold   . . .      Faith    .    (no shield)
rNeg    . . .      Spirit   .    (helmet restricted)
rPois   .          Reflect  .    (no amulet)
rElec   .          Harm     .    (no ring)
rCorr   .          Rampage  .    (no ring)
Will    .....                    (no ring)
Stlth   +++                      (no ring)
HPRegen 0.24/turn                (no ring)
MPRegen 0.11/turn                (no ring)
                                 (no ring)
                                 (no ring)

@: no status effects
A: almost no armour, amphibious, 8 rings, camouflage 1, gelatinous body 1,
(nimble swimmer 1), tentacles
a: no special abilities


You were on level 3 of the Dungeon.
You visited 1 branch of the dungeon, and saw 3 of its levels.

You collected 133 gold pieces.

Inventory:

Hand Weapons
 n - a +0 dagger (weapon)
 p - a +1 dagger of speed
Missiles
 c - 26 stones
 h - 2 poisoned darts
Scrolls
 e - 2 scrolls of enchant weapon {unknown}
 f - 4 scrolls of teleportation {unknown}
 g - a scroll of fear {unknown}
 j - 2 scrolls of identify {unknown}
 o - a scroll of immolation {unknown}
 q - a scroll of silence {unknown}
Potions
 a - a potion of magic
 b - a potion of mutation {unknown}
 d - 2 potions of lignification {unknown}
 i - a potion of cancellation {unknown}
 k - 2 potions of haste {unknown}
 l - a potion of attraction {unknown}
 m - 2 potions of degeneration {unknown}


   Skills:
 - Level 2.0 Dodging
 - Level 3.0 Stealth
 + Level 2.9 Spellcasting
 - Level 2.0 Transmutations
 + Level 1.8 Air Magic
 + Level 4.5 Poison Magic


You had 5 spell levels left.
You knew the following spells:

 Your Spells              Type           Power      Damage    Failure   Level
a - Sting                 Tmut/Pois      60%        1d6       4%          1
b - Poisonous Vapours     Pois/Air       28%        N/A       6%          2

Your spell library contained the following spells:

 Spells                   Type           Power      Damage    Failure   Level
 Magic Dart               Conj           8%         1d3       16%         1
 Mephitic Cloud           Conj/Pois/Air  10%        N/A       19%         3
 Call Imp                 Summ           2%         N/A       24%         2
 Olgreb's Toxic Radiance  Pois           20%        N/A       24%         4


Dungeon Overview and Level Annotations

Branches:
Dungeon (3/15)

Altars:

Annotations:
D:3 exclusion: orc wizard


Innate Abilities, Weirdness & Mutations

You cannot wear most types of armour.
You are amphibious.
You can wear up to eight rings at the same time.
Your skin changes colour to match your surroundings (Stealth+).
Your rubbery body absorbs attacks. (AC +1, EV +1)
((You are camouflaged when in or above water. (Stealth+)))
You have tentacles for arms and can constrict up to eight enemies at once.


Message History

Your grab misses the orc wizard.
The orc wizard is moderately wounded.
The orc wizard closely misses you.
You barely miss the orc wizard. You grab the orc wizard.
The orc wizard is moderately wounded.
You constrict the orc wizard. The orc wizard closely misses you.
You hit the orc wizard. You squeeze the orc wizard.
You kill the orc wizard!
The orc looks more healthy.
You hit the orc. Your grab misses the orc. You squeeze the orc.
You kill the orc!
Training target 2.0 for Transmutations reached!
Your Transmutations skill increases to level 2!
You hit the worm. You grab the worm. You squeeze the worm.
The worm is moderately wounded.
You constrict the worm. You hit the worm but do no damage.
You squeeze the worm!
The worm is almost dead.
You constrict the worm.
You kill the worm!
You barely miss the orc. You grab the orc.
You constrict the orc, but do no damage.
The orc hits you with a +3 flail!
You hit the orc but do no damage.
You constrict the orc, but do no damage.
The orc hits you with a +3 flail!
The hobgoblin shouts!
You hit the orc but do no damage. You squeeze the orc.
The orc is moderately wounded.
You constrict the orc, but do no damage.
The orc hits you with a +3 flail.
* * * LOW HITPOINT WARNING * * *
You hit the orc but do no damage. You squeeze the orc, but do no damage.
The orc is moderately wounded.
You constrict the orc. The orc misses you.
You hit the orc but do no damage.
The orc is heavily wounded.
You constrict the orc, but do no damage.
The orc hits you with a +3 flail.
You die...

..##...............<...
..### ................
....# ...... ........
..#. #.(.##†..# ..#
####......# ####
#.....#.[.#############
...#
......#.#...##..........#
....# .....
#.##o###..........# .....
......#..#@# #..........#
.....
#.#....g...###.##.#######
..... #.......#..##.....#
..... .#.....#..#...####
..... .......#....#.#
..... .......>...#..#
...# ..............# #..#
.........)....# #..#
####.......#####


You could see an orc and a hobgoblin.

Vanquished Creatures
  Jessica (D:3)
  An orc wizard (D:3)
  2 adders
  A worm (D:3)
  2 orcs (D:3)
  2 bats (D:1)
  3 endoplasms
  A giant cockroach (D:3)
  A goblin (D:2)
  4 jackals (D:1)
  A quokka (D:2)
  5 ball pythons
  5 frilled lizards
  2 kobolds
  4 rats (D:1)
35 creatures vanquished.

Notes
Turn   | Place    | Note
-------+----------+-------------------------------------------
     0 | D:1      | themarg the Octopode Venom Mage began the quest for the
                  | Orb.
     0 | D:1      | Reached XP level 1. HP: 11/11 MP: 3/3
   125 | D:1      | Reached XP level 2. HP: 17/17 MP: 1/5
   128 | D:1      | Learned a level 2 spell: Poisonous Vapours
   413 | D:1      | Reached skill level 4 in Poison Magic
  1050 | D:2      | Reached XP level 3. HP: 15/21 MP: 3/6
  1337 | D:2      | Reached skill level 1 in Air Magic
  1873 | D:3      | Noticed Jessica
  1879 | D:3      | Killed Jessica
  1880 | D:3      | Reached XP level 4. HP: 27/27 MP: 0/8
  2178 | D:3      | Slain by an orc

Illustrated notes

Levels and vault maps discovered:
D:1:      lightli_arrival_statue_moat, layout_basic, serial_bayou,
          serial_bayou_lagoon_a, serial_bayou_shore_b, serial_bayou_ford_a,
          serial_bayou_lake_a
D:2:      layout_basic, serial_park_tiny_2
D:3:      layout_rooms, uniq_jessica

Skill      XL: |  1  2  3  4 |
---------------+-------------+-----
Stealth        | 3 |  3.0
Poison Magic   | 4 |  4.5
Air Magic      | 1 |  1.8
Transmutations | 2 |  2.0
Dodging        | |  2.0
Spellcasting   | |  2.9

Action                     |  1- 3 |  4- 6 || total
---------------------------+-------+-------++-------
  Melee: Unarmed           |    34 |       ||    34
         Tentacles         |    11 |     9 ||    20
         Constrict         |    10 |     6 ||    16
         Dagger            |     8 |    24 ||    32
   Cast: Sting             |    17 |       ||    17
         Poisonous Vapours |     5 |     5 ||    10
   Stab: Sleeping          |     2 |     1 ||     3
 Armour: Skin              |     1 |     1 ||     2
  Dodge: Dodged            |    35 |    10 ||    45

Table legend: (Time is in decaauts)
 A = Elapsed time spent in this place.
 B = Non-inter-level travel time spent in this place.
 C = Inter-level travel time spent in this place.
 D = Time resting spent in this place.
 E = Time spent auto-exploring this place.
 F = Levels seen in this place.
 G = Mean time per level.
                   A        B        C        D        E       F      G
               +--------+--------+--------+--------+--------+-----+--------+
         Total |   2182 |   2136 |     46 |    156 |   1676 |   3 |  727.3 |
       Dungeon |   2182 |   2136 |     46 |    156 |   1676 |   3 |  727.3 |
               +--------+--------+--------+--------+--------+-----+--------+

Top non-repeatable levels by time:
     D:1: 840 daAuts
     D:2: 790 daAuts
     D:3: 551 daAuts
